 Dungeon Sprint DCSS version 0.22-a0-877-g5c4e1af (webtiles) character file.

54652 Brynnhild the Draconian Aeon (level 14, -4/138 HPs)
             Began as a Red Draconian Monk on July 29, 2018.
             Was the Champion of Cheibriados.
             Slain by a yaktaur captain (16 damage)
             ... in the Dungeon (Sprint IX: "|||||||||||||||||||||||||||||").
             The game lasted 00:10:46 (3481 turns).

Brynnhild the Draconian Aeon (Red Draconian Monk)   Turns: 3481, Time: 00:10:47

Health: -4/138     AC: 19    Str: 28    XL:     14   Next: 35%
Magic:  8/30       EV: 31    Int: 27    God:    Cheibriados [******]
Gold:   608        SH:  8    Dex: 33    Spells: 17/18 levels left

rFire    + . .     SeeInvis .   l - +2 scimitar (flame)
rCold    . . .     Gourm    .   v - +0 buckler {AC+3}
rNeg     . . .     Faith    .   (armour unavailable)
rPois    +         Spirit   .   y - +2 hat {MR+}
rElec    .         Reflect  .   m - +0 cloak
rCorr    .         Harm     .   F - +3 pair of gauntlets of War {Slay+5}
MR       +++..     NoTele   +   t - +0 pair of boots
Stlth    +++.......             (no amulet)
HPRegen  0.33/turn              A - ring of protection from magic
MPRegen  0.22/turn              C - ring of poison resistance

@: lethally poisoned (-4 -> -11), very slow
A: breathe fire, unfitting armour, fire resistance 1, cold-blooded, AC +8
a: Breathe Fire, Bend Time, Temporal Distortion, Slouch, Step From Time,
Renounce Religion


You were in the Dungeon.
You worshipped Cheibriados.
Cheibriados was exalted by your worship.
You were near starving.

You visited 1 branch You collected 1910 gold pieces.
You spent 1302 gold pieces at shops.

Inventory:

Hand Weapons
 a - a +0 falchion
 l - a +2 scimitar of flaming (weapon)
 x - a +1 scimitar of flaming
 D - the +10 hunting sling of Circular Logic {flame, Int+2 Dex+4}
   (You found it in the Dungeon)

   It causes projectiles fired from it to burn those they strike, causing extra
   injury to most foes and up to half again as much damage against particularly
   susceptible opponents.
   It affects your intelligence (+2).
   It affects your dexterity (+4).
 E - the +8 morningstar of Watchfulness {crush, +Blink rF+ Int+7 Stlth+}
   (You found it in the Dungeon)

   It inflicts extra damage upon your enemies.
   It affects your intelligence (+7).
   It protects you from fire.
   It lets you blink.
   It makes you more stealthy.
Armour
 m - a +0 cloak (worn)
 t - a +0 pair of boots (worn)
 u - a +2 pair of gloves of archery
 v - a +0 buckler of protection (worn)
 y - a +2 hat of magic resistance (worn)
 F - the +3 pair of gauntlets of War (worn) {Slay+5}
   (You found it in the Dungeon)

   It affects your accuracy and damage with ranged weapons and melee attacks
   (+5).
Jewellery
 n - a +3 ring of dexterity
 o - a +3 ring of dexterity
 z - an uncursed ring of wizardry
 A - a ring of protection from magic (left hand)
 B - an uncursed ring of protection from magic
 C - a ring of poison resistance (right hand)
Wands
 k - a wand of acid (3)
Scrolls
 h - 4 scrolls of blinking
 i - 5 scrolls of remove curse
 j - 2 scrolls of amnesia
 q - 3 scrolls of enchant weapon
 r - 3 scrolls of fog
 G - 3 scrolls of identify
 H - a scroll of fear
Potions
 c - 14 potions of curing
 d - 10 potions of heal wounds
 e - 2 potions of haste
 f - 4 potions of magic
 g - a potion of invisibility
 p - 2 potions of might
 s - 2 potions of mutation
 w - a potion of agility
Comestibles
 b - 11 rations


   Skills:
 + Level 16.3 Fighting
 + Level 17.6 Long Blades
 + Level 14.7 Dodging
 - Level 1.7 Stealth
 + Level 6.5 Shields
 + Level 2.7 Spellcasting
 * Level 11.3 Transmutations
 * Level 25.6 Invocations


You had 17 spell levels left.
You knew the following spells:

 Your Spells              Type           Power        Failure   Level  Hunger
a - Beastly Appendage     Tmut           ######       1%          1    None

Your spell library contained the following spells:

 Spells                   Type           Power        Failure   Level  Hunger
 Apportation              Tloc           #.....       9%          1    None
 Bolt of Cold             Conj/Ice       #.........   100%        6    #######
 Summon Small Mammal      Summ           #...         9%          1    None
 Animate Skeleton         Necr           N/A          9%          1    None
 Freeze                   Ice            #...         9%          1    None
 Spider Form              Tmut/Pois      ####......   2%          3    ###....
 Blade Hands              Tmut           ######....   2%          5    ######.
 Ice Form                 Ice/Tmut       ####....     9%          4    ####...
 Confusing Touch          Hex            #.....       9%          1    None
 Sticks to Snakes         Tmut           ######..     1%          2    ##.....
 Static Discharge         Conj/Air       #.......     26%         3    ###....
 Conjure Ball Lightning   Conj/Air       #.........   100%        6    #######


Dungeon Overview and Level Annotations

Branches:
Dungeon (1/1)

Altars:
Cheibriados
Dithmenos
Elyvilon
Fedhas
Gozag
Hepliaklqana
Kikubaaqudgha
Makhleb
Nemelex Xobeh
Okawaru
Qazlal
Ru
Sif Muna
Trog
Uskayaw
Vehumet
Wu Jian
Xom
Yredelemnul
Zin
The Shining One
Beogh
Jiyva
Lugonu

Shops:
D ![!:


Innate Abilities, Weirdness & Mutations

You can breathe blasts of fire.
Your fiery red scales are hard. (AC +8)
You cannot fit into any form of body armour.
Your flesh is heat resistant. (rF+)
You are cold-blooded and may be slowed by cold attacks.


Message History

You block the slime creature's attack.
Things that are here:
an enchanted war axe; a leather armour; a buckler You slash the slime creature!
You burn the slime creature. You tail-slap the slime creature!
The slime creature is almost dead.
You feel sick. The slime creature barely misses you.
You slash the slime creature! You burn the slime creature.
You kill the slime creature!
Cheibriados appreciates the change of pace.
You feel sick.
The yaktaur captain wields an arbalest.
The yaktaur captain shoots a bolt.
The bolt hits you!
* * * LOW HITPOINT WARNING * * *
A fire dragon comes into view.
You feel sick.
The fire dragon roars deafeningly!
You feel sick.
The yaktaur captain unwields an uncursed arbalest.
The yaktaur captain hits you!
You die...

'.....)).).))).[[[.[[[[....!...(.
▓▓▓▓▓▓▓▓▓▓▓▓▓▓▓▓▓▓▓▓▓▓▓▓▓▓▓▓▓▓▓▓▓
...............................).
▓▓▓▓▓▓▓▓▓▓▓▓▓▓▓▓♣♣♣♣♣♣♣♣♣♣▓▓▓▓▓▓▓
......÷.)))).)..'÷÷.÷.....')...†)
▓▓▓▓▓▓▓▓▓▓▓▓▓▓▓▓♣♣♣♣♣♣♣♣♣♣▓▓▓▓▓▓▓
.................................
▓▓▓▓▓▓▓▓▓▓▓▓▓▓▓▓▓▓▓▓▓▓▓▓▓▓▓▓▓▓▓▓▓
.....(..)(.)([(.@c..D...
▓▓▓▓▓▓▓▓▓▓▓▓▓▓▓▓▓▓▓▓▓▓▓▓


You could see a fire dragon and a yaktaur captain.

Vanquished Creatures
  A golden dragon (D)
  Rupert (D)
  Gastronok (D)
  A storm dragon (D)
  A tengu reaver (D)
  A thorn hunter (D)
  Aizul (D)
  2 stone giants (D)
  2 very ugly things (D)
  A dire elephant (D)
  An ettin (D)
  A great orb of eyes (D)
  A fire dragon (D)
  A merfolk impaler (D)
  A yaktaur captain (D)
  5 hydras (D)
  Erolcha (D)
  2 ice dragons (D)
  Erica (D)
  3 ogre magi (D)
  An alligator (D)
  A deep troll earth mage (D)
  3 two-headed ogres (D)
  2 tengu warriors (D)
  3 shock serpents (D)
  A fire crab (shapeshifter) (D)
  2 sea snakes (D)
  A shambling mangrove (D)
  An orb spider (D)
  3 ugly things (D)
  An orc sorcerer (D)
  A wolf spider (D)
  A cyclops (D)
  A deep elf mage (D)
  A moth of wrath (D)
  A manticore (D)
  4 black mambas (D)
  A salamander (D)
  7 elephants (D)
  Maurice (D)
  A guardian serpent (D)
  3 spiny frogs (D)
  A water nymph (D)
  3 merfolk sirens (D)
  A naga mage (D)
  A gargoyle (D)
  2 demonic crawlers (D)
  A komodo dragon (D)
  A jumping spider (D)
  2 tengu conjurers (D)
  A merfolk (D)
  A bog body (D)
  A hornet (D)
  2 slime creatures (D)
  A blink frog (D)
  3 hippogriffs (D)
  A tarantella (D)
  2 redbacks (D)
  A basilisk (D)
  2 water moccasins (D)
  2 porcupines (D)
  A swamp drake (D)
  An ice beast (D)
  9 orc warriors (D)
  7 ogres (D)
  A big kobold (D)
  4 crocodiles (D)
  2 bullfrogs (D)
  A scorpion (D)
  A wight (D)
  2 orc priests (D)
  An iguana (D)
  3 shadow imps (D)
  2 adder zombies (D)
  An adder skeleton (D)
  A leopard gecko (D)
  15 orcs (D)
  A bat zombie (D)
  A goblin (D)
  A hobgoblin (D)
  A quokka (D)
  A kobold (D)
  A quokka zombie (D)
  A rat (D)
158 creatures vanquished.

Vanquished Creatures (others)
  An ogre mage (D)
1 creature vanquished.

Grand Total: 159 creatures vanquished

Notes
Turn   | Place    | Note
-------+----------+-------------------------------------------
     0 | D        | Brynnhild the Draconian Monk began the quest for the Orb.
     0 | D        | Reached XP level 1. HP: 19/19 MP: 1/1
    18 | D        | Noticed an iguana
    18 | D        | Noticed an ice beast
    21 | D        | Reached XP level 2. HP: 26/26 MP: 2/2
    24 | D        | Reached skill level 5 in Long Blades
    24 | D        | Reached XP level 3. HP: 31/31 MP: 3/3
    30 | D        | Killed an ice beast
    30 | D        | Reached XP level 4. HP: 37/38 MP: 4/4
    33 | D        | Reached XP level 5. HP: 45/45 MP: 5/5
    38 | D        | Found a roughly hewn altar of Beogh.
    38 | D        | Found a snail-covered altar of Cheibriados.
    38 | D        | Found a shadowy altar of Dithmenos.
    38 | D        | Found a white marble altar of Elyvilon.
    38 | D        | Found a blossoming altar of Fedhas.
    38 | D        | Found an opulent altar of Gozag.
    39 | D        | Found a hazy altar of Hepliaklqana.
    40 | D        | Found a viscous altar of Jiyva.
    41 | D        | Found an ancient bone altar of Kikubaaqudgha.
    42 | D        | Became a worshipper of Cheibriados the Contemplative
    42 | D        | Reached * piety under Cheibriados
    42 | D        | Reached ** piety under Cheibriados
    43 | D        | Found a corrupted altar of Lugonu.
    44 | D        | Found a burning altar of Makhleb.
    45 | D        | Found a sparkling altar of Nemelex Xobeh.
    46 | D        | Found an iron altar of Okawaru.
    47 | D        | Found a stormy altar of Qazlal.
    48 | D        | Found a sacrificial altar of Ru.
    49 | D        | Found a deep blue altar of Sif Muna.
    50 | D        | Found a bloodstained altar of Trog.
    51 | D        | Found a hide-covered altar of Uskayaw.
    52 | D        | Found a radiant altar of Vehumet.
    53 | D        | Found an ornate altar of the Wu Jian Council.
    54 | D        | Found a shimmering altar of Xom.
    55 | D        | Found a basalt altar of Yredelemnul.
    56 | D        | Found a glowing silver altar of Zin.
    57 | D        | Found a glowing golden altar of the Shining One.
   105 | D        | Noticed a hippogriff
   108 | D        | Killed a hippogriff
   108 | D        | Reached skill level 5 in Fighting
   108 | D        | Reached skill level 3 in Invocations
   108 | D        | Reached XP level 6. HP: 49/56 MP: 5/8
   108 | D        | Reached skill level 4 in Invocations
   110 | D        | Reached skill level 10 in Long Blades
   113 | D        | Reached *** piety under Cheibriados
   343 | D        | Noticed a gargoyle
   343 | D        | Noticed a purple ugly thing
   346 | D        | Reached **** piety under Cheibriados
   350 | D        | Killed a gargoyle
   350 | D        | Reached skill level 6 in Invocations
   350 | D        | Your scales start taking on a fiery red colour.
   350 | D        | Reached XP level 7. HP: 38/66 MP: 9/11
   350 | D        | Gained mutation: Your flesh is heat resistant. (rF+) [Red Draconian growth]
   355 | D        | Killed a purple ugly thing
   355 | D        | Reached skill level 7 in Invocations
   355 | D        | Reached XP level 8. HP: 40/75 MP: 4/13
   515 | D        | Got Naapt's Disquisition on the Destructive Snowflakes
   528 | D        | Noticed a spiny frog
   528 | D        | Noticed a blink frog
   528 | D        | Noticed a spiny frog
   530 | D        | Killed a spiny frog
   530 | D        | Reached ***** piety under Cheibriados
   531 | D        | Reached skill level 8 in Invocations
   532 | D        | Noticed a hippogriff
   535 | D        | Killed a blink frog
   535 | D        | Reached skill level 10 in Dodging
   535 | D        | Reached XP level 9. HP: 74/85 MP: 13/15
   536 | D        | Killed a spiny frog
   536 | D        | Reached skill level 10 in Fighting
   536 | D        | Reached skill level 9 in Invocations
   682 | D        | Noticed a komodo dragon
   682 | D        | Noticed a black mamba
   684 | D        | Noticed a five-headed hydra
   685 | D        | Reached ****** piety under Cheibriados
   692 | D        | Killed a black mamba
   693 | D        | Killed a komodo dragon
   693 | D        | Reached skill level 10 in Invocations
   696 | D        | Killed a four-headed hydra
   696 | D        | Reached skill level 15 in Long Blades
   696 | D        | Reached skill level 11 in Invocations
   696 | D        | Reached XP level 10. HP: 18/96 MP: 1/18
  1091 | D        | Noticed an elephant
  1091 | D        | Noticed an elephant
  1091 | D        | Noticed an elephant
  1091 | D        | Noticed an elephant
  1091 | D        | Noticed an elephant
  1091 | D        | Noticed an elephant
  1092 | D        | Noticed an elephant
  1093 | D        | Noticed a dire elephant
  1095 | D        | Killed an elephant
  1099 | D        | Killed an elephant
  1102 | D        | Killed an elephant
  1102 | D        | Reached skill level 12 in Invocations
  1103 | D        | Killed an elephant
  1108 | D        | Killed an elephant
  1108 | D        | Reached skill level 13 in Invocations
  1108 | D        | Killed an elephant
  1111 | D        | Killed a dire elephant
  1111 | D        | Reached skill level 14 in Invocations
  1121 | D        | Killed an elephant
  1121 | D        | Reached XP level 11. HP: 67/104 MP: 2/21
  1345 | D        | Noticed Maurice
  1355 | D        | Killed Maurice
  1549 | D        | Noticed an orc sorcerer
  1550 | D        | Noticed a sun demon
  1550 | D        | Reached skill level 15 in Invocations
  1558 | D        | Killed an orc sorcerer
  1762 | D        | Found Fahub's Distillery.
  1762 | D        | Noticed an ogre mage
  1762 | D        | Noticed a two-headed ogre
  1765 | D        | Killed a two-headed ogre
  1765 | D        | Reached skill level 16 in Invocations
  1767 | D        | Killed an ogre mage
  1769 | D        | Found Iquit's Armour Shoppe.
  1772 | D        | Found Romudgho's Distillery.
  1772 | D        | Noticed an ogre mage
  1776 | D        | Found Enkel's Book Shoppe.
  1780 | D        | Noticed a two-headed ogre
  1785 | D        | Killed an ogre mage
  1785 | D        | Reached skill level 17 in Invocations
  1787 | D        | Noticed an ogre mage
  1790 | D        | Noticed a two-headed ogre
  1797 | D        | Killed a two-headed ogre
  1801 | D        | Killed an ogre mage
  1802 | D        | Killed a two-headed ogre
  1802 | D        | Reached skill level 18 in Invocations
  1856 | D        | Bought a potion of might for 48 gold pieces
  1856 | D        | Bought a potion of mutation for 96 gold pieces
  1856 | D        | Bought a potion of curing for 36 gold pieces
  1856 | D        | Bought a potion of heal wounds for 60 gold pieces
  1858 | D        | Bought a potion of curing for 36 gold pieces
  1860 | D        | Bought a +2 pair of gloves of archery for 258 gold pieces
  1860 | D        | Bought a +0 buckler of protection for 138 gold pieces
  1872 | D        | Bought a potion of curing for 30 gold pieces
  1872 | D        | Bought a potion of heal wounds for 50 gold pieces
  1872 | D        | Bought a potion of curing for 30 gold pieces
  1872 | D        | Bought a potion of curing for 30 gold pieces
  1872 | D        | Bought a potion of agility for 40 gold pieces
  1874 | D        | Bought a book of Cantrips for 200 gold pieces
  1874 | D        | Bought a book of Changes for 250 gold pieces
  1876 | D        | Learned a level 1 spell: Beastly Appendage
  2014 | D        | Noticed Erica
  2025 | D        | Killed Erica
  2025 | D        | Reached skill level 1 in Spellcasting
  2025 | D        | Reached skill level 1 in Transmutations
  2168 | D        | Noticed Erolcha
  2177 | D        | Killed Erolcha
  2183 | D        | Noticed Gastronok
  2195 | D        | Killed Gastronok
  2195 | D        | Reached skill level 19 in Invocations
  2195 | D        | Reached XP level 12. HP: 111/116 MP: 25/25
  2237 | D        | Got the +10 hunting sling of Circular Logic {flame, Int+2 Dex+4}
  2240 | D        | Got the +8 morningstar of Watchfulness {crush, +Blink rF+ Int+7 Stlth+}
  2242 | D        | Found the +3 pair of gauntlets of War {Slay+5}
  2283 | D        | Noticed a six-headed hydra
  2286 | D        | Killed a five-headed hydra
  2290 | D        | Noticed an eight-headed hydra
  2295 | D        | Noticed a purple very ugly thing
  2300 | D        | Killed a five-headed hydra
  2304 | D        | Killed a purple very ugly thing
  2304 | D        | Reached skill level 1 in Shields
  2304 | D        | Reached skill level 5 in Transmutations
  2304 | D        | Reached skill level 20 in Invocations
  2304 | D        | Noticed a stone giant
  2305 | D        | Noticed an ice dragon
  2308 | D        | Noticed a yaktaur captain
  2315 | D        | Killed a yaktaur captain
  2316 | D        | Killed a stone giant
  2319 | D        | Killed an ice dragon
  2557 | D        | Noticed Aizul
  2569 | D        | Killed Aizul
  2569 | D        | Reached skill level 21 in Invocations
  2585 | D        | Noticed Rupert
  2593 | D        | Killed Rupert
  2593 | D        | Reached XP level 13. HP: 61/125 MP: 14/27
  2713 | D        | Noticed a merfolk impaler
  2725 | D        | Reached skill level 22 in Invocations
  2735 | D        | Killed a merfolk impaler
  2740 | D        | Reached skill level 15 in Fighting
  2952 | D        | Noticed a thorn hunter
  2960 | D        | Killed a thorn hunter
  2973 | D        | Reached skill level 23 in Invocations
  3434 | D        | Noticed an ettin
  3434 | D        | Noticed a stone giant
  3438 | D        | Noticed a golden dragon
  3440 | D        | Killed an ettin
  3441 | D        | Reached skill level 24 in Invocations
  3442 | D        | Noticed a tengu reaver
  3443 | D        | Noticed a fire dragon
  3444 | D        | Noticed a storm dragon
  3445 | D        | Reached skill level 10 in Transmutations
  3447 | D        | Noticed a green very ugly thing
  3448 | D        | Killed a stone giant
  3448 | D        | Reached skill level 5 in Shields
  3449 | D        | Killed a tengu reaver
  3449 | D        | Reached XP level 14. HP: 95/137 MP: 11/30
  3451 | D        | Killed a golden dragon
  3454 | D        | Killed a storm dragon
  3454 | D        | Reached skill level 25 in Invocations
  3458 | D        | Killed a green very ugly thing
  3481 | D        | Slain by a yaktaur captain

Vault maps used:
D:        linesprint

Skill      XL: |  1  2  3  4  5  6  7  8  9 10 11 12 13 14 |
---------------+-------------------------------------------+-----
Dodging        | 3 4 6 7 8 9 10 11 12 13 14 | 14.7
Long Blades    | 4 5 8 9 11 12 13 15 16 17 | 17.6
Fighting       | 5 7 8 9 11 12 13 14 16 | 16.3
Invocations    | 3 6 7 8 11 14 19 21 24 25 | 25.6
Spellcasting   | 2 |  2.7
Transmutations | 3 6 10 11 | 11.3
Shields        | 2 5 6 |  6.5
Stealth        | |  1.7

Action                   |  1- 3 |  4- 6 |  7- 9 | 10-12 | 13-15 || total
-------------------------+-------+-------+-------+-------+-------++-------
Melee: Falchion          |    17 |     3 |       |       |       ||    20
       Tailslap          |     3 |     5 |     5 |    49 |    23 ||    85
       Scimitar          |       |     9 |    15 |   121 |    76 ||   221
Invok: Slouch            |       |       |     5 |    20 |    14 ||    39
 Abil: Breathe Fire      |       |       |     3 |    12 |     5 ||    20
Evoke: Wand              |       |     6 |     1 |       |       ||     7
  Use: Potion            |     1 |       |       |       |     1 ||     2
 Stab: Sleeping          |       |       |       |     1 |       ||     1
  Eat: Chunk             |       |       |       |     6 |     4 ||    10
Armor: Skin              |     2 |     3 |     3 |     7 |    12 ||    27
Dodge: Dodged            |     7 |    17 |    22 |   117 |   101 ||   264
Block: Buckler           |       |       |       |    10 |    42 ||    52
       Rpst.: Falchion   |     2 |     2 |       |       |       ||     4
       Scimitar          |       |     5 |     3 |    16 |    14 ||    38

Table legend:
 A = Spawn XP
 B = Non-spawn XP
 C = Spawn XP percentage of total XP
 D = Spawn monster count
 E = Non-spawn monster count
 F = Spawn count percentage of total count
 G = Total turns spent on level
                    A         B        C        D         E        F      G
               +---------+---------+-------+---------+---------+-------+---------
         Total |       0 |   78075 |   0.0 |       0 |     159 |   0.0 |  3481
               +---------+---------+-------+---------+---------+-------+---------
             D |       0 |   78075 |   0.0 |       0 |     159 |   0.0 |  3481
               +---------+---------+-------+---------+---------+-------+---------
